 Dungeon Crawl Stone Soup version 0.31.0-9-g3a7656b989 (webtiles) character file.

Game seed: 17058995852756825336

71 qw the Shooter (level 4, -1/22 HPs)
             Began as a Spriggan Hunter on Feb 2, 2024.
             Killed from afar by an orc wizard (13 damage)
             ... with a puff of flame
             ... on level 3 of the Dungeon.
             The game lasted 00:00:07 (2021 turns).

qw the Shooter (Spriggan Hunter)                    Turns: 2021, Time: 00:00:07

Health: -1/22      AC:  2    Str: 13    XL:     4   Next: 5%
Magic:  5/5        EV: 19    Int: 10    God:
Gold:   91         SH:  0    Dex: 20    Spells: 3/3 levels left

rFire   . . .        a - +0 shortbow
rCold   . . .        (shield currently unavailable)
rNeg    . . .        c - +0 robe
rPois   .            (helmet restricted)
rElec   .            (no cloak)
rCorr   .            (gloves unavailable)
SInv    +            (boots unavailable)
Will    .....        (no amulet)
Stlth   +            g - +6 ring of strength
HPRegen 0.23/turn    (no ring)
MPRegen 0.09/turn

%: no passive effects
@: confused, hasted, very quick
A: very small, no large weapons, unfitting armour, see invisible, speed 3
a: no special abilities


You were on level 3 of the Dungeon.
You visited 1 branch of the dungeon, and saw 3 of its levels.

You collected 91 gold pieces.


Innate Abilities, Weirdness & Mutations

You are very small and have problems with some larger weapons.
You are too small for most types of armour.
You have supernaturally acute eyesight. (SInv)
You cover ground extremely quickly. (Speed+++)


   Skills:
 - Level 1.5 Fighting
 - Level 5.0 Ranged Weapons
 + Level 4.3 Dodging
 - Level 1.5 Stealth


You had 3 spell levels left.
You didn't know any spells.
Your spell library was empty.

Inventory:

Hand Weapons
 a - a +0 shortbow (weapon)
Armour
 c - a +0 robe (worn)
Jewellery
 d - the amulet of Elemental Vulnerability {rPois rF-- rC-- AC+8}
   (You found it on level 3 of the Dungeon)

   [amulet of nothing]

   AC+8:      It affects your AC (+8).
   rF--:      It makes you very vulnerable to fire.
   rC--:      It makes you very vulnerable to cold.
   rPois:     It protects you from poison
 g - a +6 ring of strength (left hand)
Scrolls
 b - a scroll of fear {unknown}
Potions
 e - 3 potions of enlightenment
 j - 2 potions of heal wounds

Dungeon Overview and Level Annotations

Branches:
Dungeon (3/15)

Altars:

Shops:
D:1 =   D:2 !

Annotations:
D:3 Terence


Message History

The rat squeaks loudly.
The arrow hits the orc wizard.
The orc wizard is moderately wounded.
The orc wizard closely misses you.
Terence the Incautious comes into view.
He is wielding a +4 mace of protection.
You shoot an arrow.
The arrow closely misses the orc wizard.
The arrow closely misses the orc.
The orc wizard gestures wildly while chanting.
The orc wizard flickers and vanishes for a moment.
Enter note:
Enter note:
Enter note:
Enter note:
2014 ||| RETREEEEATING.
Enter note:
Enter note:
2015 ||| RETREEEEATING.
You shoot an arrow. The arrow barely misses the orc wizard.
The orc misses you. The orc wizard completely misses you.
You shoot an arrow. The arrow hits the orc wizard!
The orc wizard is severely wounded.
The orc completely misses you. The orc wizard misses you.
You shoot an arrow.
The arrow closely misses the orc wizard.
The orc barely misses you.
The orc wizard gestures at you while chanting.
You are confused.
2019 ||| DRINKING bubbling ruby potion.
It was a potion of haste.
You feel yourself speed up. The orc hits you with a +0 club.
The orc wizard gestures at you while chanting.
The magic dart hits you! The orc misses you. The orc wizard barely misses you.
The orc completely misses you. The orc hits you but does no damage.
The orc wizard points at you and mumbles some strange words.
The puff of flame hits you!
Ouch! That really hurt!
You die...

## $.: .. (.. #. ...
##..#@# ...#.## ##.##
.... ##...## ##$##
##.....## ##.@o##
#..(....# ##..ro@##
#.......#
#....o..###......^###
#.........##.........#
+....)....'.......#
#.........##.#....##
##.......###.##....#
##.....## #.###...#
##...## #.# #...#
##+## #.# #.###


You could see Terence, an orc wizard (invisible), 2 orcs and a rat.

Vanquished Creatures
  3 adders
  An orc (D:3)
  2 ball pythons
  2 endoplasms (D:3)
  2 giant cockroaches (D:1)
  5 hobgoblins
  6 jackals (D:1)
  2 quokkas
  4 bats (D:1)
  2 frilled lizards
  2 goblins (D:1)
  7 kobolds
  3 rats
41 creatures vanquished.

Notes
Turn   | Place    | Note
-------+----------+-------------------------------------------
     0 | D:1      | qw the Spriggan Hunter began the quest for the Orb.
     0 | D:1      | Reached XP level 1. HP: 10/10 MP: 2/2
     0 | D:1      | 0 ||| qw: Version: 0.3-a-155-g5e7d8dd
     0 | D:1      | 0 ||| qw: Game counter: 1172
     0 | D:1      | 0 ||| qw: Melee chars always use a shield: true
     0 | D:1      | 0 ||| qw: God list: Okawaru
     0 | D:1      | 0 ||| qw: Allow faded altars: false
     0 | D:1      | 0 ||| qw: Do Orc after clearing Dungeon:15 true
     0 | D:1      | 0 ||| qw: Do second Lair branch before Depths: true
     0 | D:1      | 0 ||| qw: Lair rune preference: random
     0 | D:1      | 0 ||| qw: Goals: Normal
     0 | D:1      | 0 ||| PLANNING D:1-11
     8 | D:1      | 8 ||| RETREEEEATING.
     9 | D:1      | 9 ||| RETREEEEATING.
    13 | D:1      | Reached skill level 3 in Dodging
    46 | D:1      | Reached XP level 2. HP: 14/14 MP: 3/3
   182 | D:1      | Found Himynlap's Jewellery Emporium.
   190 | D:1      | 190 ||| SHOPLISTING +4 ring of protection (432 gold, have
                  | 0).
   190 | D:1      | 190 ||| SHOPLISTING +4 ring of slaying (936 gold, have 0).
   190 | D:1      | 190 ||| SHOPLISTING amulet of regeneration (360 gold, have
                  | 0).
   190 | D:1      | 190 ||| SHOPLISTING ring "Edaithrui" {^Contam Fly rF+ rCorr
                  | Dex+2} (428 gold, have 0).
   190 | D:1      | 190 ||| SHOPLISTING ring of ice (300 gold, have 0).
   190 | D:1      | 190 ||| SHOPLISTING ring of the Priest {rN+ Str+5} (450
                  | gold, have 0).
   451 | D:1      | 451 ||| UPGRADING to +6 ring of strength.
   452 | D:1      | 452 ||| DROPPING +6 ring of intelligence.
   453 | D:1      | 453 ||| READING scroll labelled PIMMEO QUKHLE.
   554 | D:1      | 554 ||| READING scroll labelled MENUOPP VOPS.
   554 | D:1      | 554 ||| IDENTIFYING viscous golden potion
   555 | D:1      | 555 ||| DRINKING 3 blue potions.
   556 | D:1      | 556 ||| DROPPING scroll of butterflies.
   557 | D:1      | 557 ||| DROPPING 2 potions of invisibility.
   748 | D:2      | Reached XP level 3. HP: 18/18 MP: 4/4
   809 | D:2      | Found Ilukul's Distillery.
   817 | D:2      | 817 ||| SHOPLISTING potion of haste (120 gold, have 43).
   817 | D:2      | 817 ||| SHOPLISTING potion of mutation (96 gold, have 43).
  1261 | D:2      | 1261 ||| DROPPING +1 antimagic sling.
  1543 | D:2      | 1543 ||| READING scroll of identify.
  1543 | D:2      | 1543 ||| IDENTIFYING lumpy grey potion
  1544 | D:2      | 1544 ||| DRINKING 3 fizzy red potions.
  1545 | D:2      | 1545 ||| DROPPING potion of ambrosia.
  1663 | D:3      | Reached skill level 5 in Ranged Weapons
  1849 | D:3      | Found the amulet of Elemental Vulnerability {rPois rF--
                  | rC-- AC+8}
  1999 | D:3      | Reached XP level 4. HP: 22/22 MP: 5/5
  2012 | D:3      | Noticed Terence
  2014 | D:3      | 2014 ||| RETREEEEATING.
  2015 | D:3      | 2015 ||| RETREEEEATING.
  2019 | D:3      | 2019 ||| DRINKING bubbling ruby potion.
  2021 | D:3      | Killed from afar by an orc wizard

Levels and vault maps discovered:
D:1:      ldierk_walled_garden_2, layout_rooms, serial_shops, shop,
          corner_web_ring, minmay_octomino_c4
D:2:      layout_basic, serial_shops, shop
D:3:      layout_loops_corners, uniq_terence

Skill      XL: |  1  2  3 |
---------------+----------+-----
Dodging        | 3 4 |  4.3
Ranged Weapons | 5 |  5.0
Fighting       | |  1.5
Stealth        | |  1.5

Action                     |  1- 3 |  4- 6 || total
---------------------------+-------+-------++-------
   Fire: Shortbow          |   109 |     9 ||   118
    Use: Scroll            |     3 |       ||     3
         Potion            |     2 |     1 ||     3
 Armour: Robe              |    13 |     4 ||    17
  Dodge: Dodged            |    33 |     9 ||    42

Table legend:
 A = Non-vault XP
 B = Vault XP
 C = Vault XP percentage of total XP
 D = Non-vault monster count
 E = Vault monster count
 F = Vault count percentage of total count
                 A         B        C        D         E       F
            +---------+---------+-------+---------+---------+-------
      Total |      95 |       7 |   6.9 |      36 |       5 |  12.2
            +---------+---------+-------+---------+---------+-------
        D:1 |      28 |       7 |  20.0 |      17 |       5 |  22.7
        D:2 |      34 |       0 |   0.0 |       7 |       0 |   0.0
        D:3 |      33 |       0 |   0.0 |      12 |       0 |   0.0
            +---------+---------+-------+---------+---------+-------
